 Dungeon Crawl Stone Soup version 0.27.1-33-g824d729ab1 (webtiles) character file.

Game seed: 14414307903917910268

2250 hamarrboo the Spear-Bearer (level 9, -1/78 HPs)
             Began as a Minotaur Abyssal Knight on Dec 9, 2021.
             Was an Elder of Lugonu.
             Slain by a two-headed ogre (18 damage)
             ... on level 7 of the Dungeon.
             The game lasted 00:28:01 (6691 turns).

hamarrboo the Spear-Bearer (MiAK)                   Turns: 6691, Time: 00:28:01

Health: -1/78      AC: 14    Str: 19    XL:     9   Next: 15%
Magic:  9/9        EV:  6    Int:  9    God:    Lugonu [****..]
Gold:   441        SH:  0    Dex: 11    Spells: 8/8 levels left

rFire    . . .     SeeInvis .   z - +11 shortbow of Xeneps {vorpal, Contam rN+ Will+}
rCold    . . .     Faith    +   (shield currently unavailable)
rNeg     + . .     Spirit   .   o - +0 plate armour
rPois    .         Reflect  .   (helmet restricted)
rElec    .         Harm     .   p - +0 cloak
rCorr    .         Rampage  .   (no gloves)
Will     +....                  (no boots)
Stlth    ..........             i - amulet of faith
HPRegen  0.23/turn              (no ring)
MPRegen  0.11/turn              (no ring)

@: no status effects
A: horns 2, retaliatory headbutt
a: Renounce Religion, Depart the Abyss, Bend Space, Banish, Corrupt


You were on level 7 of the Dungeon.
You worshipped Lugonu.
Lugonu was greatly pleased with you.
You visited 1 branch of the dungeon, and saw 8 of its levels.
You visited the Abyss 1 time.
You also visited: Ossuary.

You collected 441 gold pieces.

Inventory:

Hand Weapons
 a - a +1 spear
 c - a +4 quarterstaff of chaos
 z - the +11 shortbow of Xeneps (weapon) {vorpal, Contam rN+ Will+}
   (You found it on level 6 of the Dungeon)

   Any ammunition fired from it inflicts extra damage upon your enemies.
   rN:        It protects you from negative energy.
   Contam:    It causes magical contamination when unequipped.
   Will:      It increases your willpower.
Missiles
 d - 44 poisoned darts
 g - a throwing net
 A - 29 arrows (quivered ammo)
Armour
 o - a +0 plate armour (worn)
 p - a +0 cloak (worn)
Jewellery
 i - an amulet of faith (around neck)
Wands
 q - a wand of iceblast (7)
Scrolls
 b - a scroll of magic mapping {unknown}
 f - 6 scrolls of teleportation
 j - a scroll of amnesia
 r - a scroll of enchant armour
 t - 2 scrolls of fear
 v - 2 scrolls of holy word
 w - 2 scrolls of enchant weapon
 y - a scroll of noise {unknown}
 B - a scroll of fog {unknown}
Potions
 e - 2 potions of mutation
 k - a potion of haste {unknown}
 l - 3 potions of lignification
 m - 2 potions of attraction
 n - 4 potions of flight
 s - 3 potions of magic
 u - 5 potions of curing
 x - 2 potions of brilliance
 C - a potion of cancellation {unknown}


   Skills:
 + Level 6.4 Fighting
 + Level 10.0 Polearms
 * Level 1.1 Bows
 + Level 5.3 Throwing
 + Level 6.4 Armour
 + Level 2.2 Dodging
 - Level 1.7 Invocations


You had 8 spell levels left.
You didn't know any spells.
Your spell library contained the following spells:

 Spells                   Type           Power      Damage    Failure   Level
 Animate Skeleton         Necr           0%         N/A       100%        1
 Pain                     Necr           0%         1d4       100%        1
 Shock                    Conj/Air       0%         1d3       100%        1
 Sublimation of Blood     Necr           0%         N/A       100%        2
 Wereblood                Tmut           0%         N/A       100%        2
 Gell's Gravitas          Tloc           0%         N/A       100%        3
 Swiftness                Air            0%         N/A       100%        3
 Teleport Other           Tloc           0%         N/A       100%        3
 Vampiric Draining        Necr           0%         2d6       100%        3
 Airstrike                Air            0%         N/A       100%        4
 Dispersal                Tloc           0%         N/A       100%        6
 Summon Hydra             Summ           0%         N/A       100%        7


Dungeon Overview and Level Annotations

Branches:
Dungeon (8/15)             Temple (0/1) D:7         Ossuary (visited)
   Lair: D:8-11

Altars:
Ashenzari
Kikubaaqudgha
Okawaru
Qazlal
Trog

Annotations:
D:8 Maggie


Innate Abilities, Weirdness & Mutations

You have a pair of horns on your head.
You reflexively headbutt those who attack you in melee.


Message History

There is an open door here.
You open the door.
There is an open door here.
A two-headed ogre comes into view. It is wielding two +0 giant clubs.
The two-headed ogre shouts in stereo!
You shoot an arrow.
The arrow closely misses the two-headed ogre.
You shoot an arrow. The arrow hits the two-headed ogre.
The two-headed ogre is lightly wounded.
You shoot an arrow. The arrow hits the two-headed ogre!
The two-headed ogre is moderately wounded.
You shoot an arrow. The arrow hits the two-headed ogre.
The two-headed ogre is moderately wounded.
You shoot an arrow. The arrow hits the two-headed ogre.
The two-headed ogre is heavily wounded.
You shoot an arrow. The arrow hits the two-headed ogre!
The two-headed ogre is severely wounded.
The two-headed ogre hits you with a +0 giant club!
The two-headed ogre hits you with a +0 giant club.
You shoot an arrow.
The arrow barely misses the two-headed ogre.
The two-headed ogre hits you with a +0 giant club!!
The two-headed ogre hits you with a +0 giant club.
You are too injured to fight recklessly!
You are too injured to fight recklessly!
Fire: 31 arrows
Press: ? - help, Q - select action, (/) - cycle Shift-Dir - straight line, f/p - two-headed ogre
Aim: a two-headed ogre, wielding two +0 giant clubs (severely wounded, 81% to hit)
You shoot an arrow.
The arrow barely misses the two-headed ogre.
The two-headed ogre hits you with a +0 giant club!
* * * LOW HITPOINT WARNING * * *
The two-headed ogre completely misses you.
Fire: 30 arrows
Press: ? - help, Q - select action, (/) - cycle Shift-Dir - straight line, f/p - two-headed ogre
Aim: a two-headed ogre, wielding two +0 giant clubs (severely wounded, 81% to hit)
You shoot an arrow. The arrow hits the two-headed ogre!
The two-headed ogre is almost dead.
The two-headed ogre hits you with a +0 giant club!!
You die...

###....⌠....###..
###.............###
##......8...8......#
#_...................
########...8...######
#.##.....##.....
#..##...##..####
...######...##.##...####
(.((((O@'....#'#....'...
..#######...........####
#...........#
#...........####
#########.......
#....... #......#
####.....# #........#


You could see a two-headed ogre.

Vanquished Creatures
  A troll (D:7)
  Sigmund (D:3)
  3 black bears
  4 ice beasts (D:6)
  An ogre (D:4)
  2 phantoms (D:6)
  A bullfrog (D:6)
  4 scorpions
  2 water moccasin zombies (D:6)
  A wyvern skeleton (D:7)
  A hound (D:6)
  Crazy Yiuf (D:3)
  A human zombie (Ossuary)
  An orc priest (D:6)
  A bullfrog skeleton (D:5)
  Jessica (D:2)
  3 orc wizards
  Ijyb (D:3)
  2 iguanas
  A killer bee zombie (D:7)
  A hound zombie (Ossuary)
  5 mummies
  Robin (D:3)
  5 adders
  2 ufetubi
  2 adder zombies (Ossuary)
  A worm (D:4)
  3 dart slugs
  6 orcs
  3 endoplasms
  A giant cockroach (D:1)
  A gnoll zombie (Ossuary)
  8 goblins
  8 hobgoblins
  6 jackals
  2 kobolds (D:3)
  2 quokkas
  7 ball pythons
  6 bats
  5 frilled lizards
  A goblin zombie (Ossuary)
  2 hobgoblin zombies
  A jackal skeleton (D:4)
  A jackal zombie (Ossuary)
  2 kobold zombies
  An orc zombie (Ossuary)
  4 rats
  2 rat zombies (Ossuary)
122 creatures vanquished.

Notes
Turn   | Place    | Note
-------+----------+-------------------------------------------
     0 | Abyss:1  | hamarrboo the Minotaur Abyssal Knight began the quest for
                  | the Orb.
     0 | Abyss:1  | Reached XP level 1. HP: 19/19 MP: 1/1
     0 | D:1      | Escaped the Abyss
   335 | D:1      | Reached * piety under Lugonu
   338 | D:1      | Reached XP level 2. HP: 27/27 MP: 2/2
   346 | D:1      | Reached skill level 3 in Polearms
   635 | D:2      | Reached XP level 3. HP: 31/34 MP: 3/3
   888 | D:2      | Found a faded altar of an unknown god.
   936 | D:2      | Noticed Jessica
   942 | D:2      | Killed Jessica
   943 | D:2      | Reached skill level 4 in Polearms
   943 | D:2      | Reached skill level 1 in Throwing
   943 | D:2      | Reached XP level 4. HP: 41/41 MP: 4/4
  1232 | D:2      | Reached ** piety under Lugonu
  1306 | D:3      | Noticed Sigmund
  1332 | D:3      | Killed Sigmund
  1333 | D:3      | Reached skill level 5 in Polearms
  1333 | D:3      | Reached XP level 5. HP: 27/47 MP: 5/5
  1653 | D:3      | Noticed Robin
  1672 | D:3      | Killed Robin
  1673 | D:3      | Reached XP level 6. HP: 49/53 MP: 6/6
  1912 | D:3      | Found a runed translucent door.
  1913 | D:3      | Noticed Crazy Yiuf
  1921 | D:3      | Killed Crazy Yiuf
  1928 | D:3      | HP: 2/55 [poisoned by Crazy Yiuf]
  2271 | D:3      | Noticed Ijyb
  2286 | D:3      | Killed Ijyb
  2752 | D:5      | Entered Level 5 of the Dungeon
  2760 | D:4      | Reached skill level 5 in Fighting
  2760 | D:4      | Reached skill level 6 in Polearms
  2762 | D:4      | You fall into a shaft and drop 2 floors!
  2800 | D:6      | Found a sand-covered staircase.
  2812 | Ossuary  | Entered an ossuary
  2841 | Ossuary  | Reached *** piety under Lugonu
  2854 | Ossuary  | Reached XP level 7. HP: 35/61 MP: 7/7
  3306 | D:6      | Reached skill level 7 in Polearms
  3533 | D:6      | Found a transporter.
  3550 | D:6      | Reached skill level 8 in Polearms
  3553 | D:6      | Identified the +11 shortbow of Xeneps {vorpal, Contam rN+
                  | Will+}
  3638 | D:6      | Reached XP level 8. HP: 28/70 MP: 8/8
  3897 | D:7      | Noticed a kobold demonologist
  4926 | D:5      | Reached skill level 5 in Armour
  4938 | D:5      | Reached skill level 9 in Polearms
  5024 | D:5      | You fall into a shaft and drop 3 floors!
  5024 | D:8      | Noticed Maggie
  5269 | D:7      | Noticed a kobold demonologist
  5335 | D:6      | Found a transporter.
  5374 | D:6      | Reached **** piety under Lugonu
  5908 | D:7      | Noticed a boulder beetle
  5976 | D:7      | Reached skill level 5 in Throwing
  6219 | D:7      | Reached XP level 9. HP: 77/77 MP: 9/9
  6229 | D:7      | Found a staircase to the Ecumenical Temple.
  6451 | D:7      | Noticed a troll
  6456 | D:7      | Killed a troll
  6457 | D:7      | Reached skill level 10 in Polearms
  6457 | D:7      | Reached skill level 1 in Bows
  6648 | D:7      | Found a stormy altar of Qazlal.
  6652 | D:7      | Found a broken altar of Ashenzari.
  6652 | D:7      | Found an ancient bone altar of Kikubaaqudgha.
  6663 | D:7      | Found a bloodstained altar of Trog.
  6666 | D:7      | Found an iron altar of Okawaru.
  6682 | D:7      | Noticed a two-headed ogre
  6691 | D:7      | Slain by a two-headed ogre

Illustrated notes

Levels and vault maps discovered:
D:1:      dpeg_arrival_short_road, layout_rooms
D:2:      layout_rooms, ebering_ecumenical_altar_box, patterned_corridor,
          uniq_jessica
D:3:      layout_loops_ring, uniq_robin, uniq_sigmund, uniq_ijyb,
          uniq_crazy_yiuf_cottage
D:4:      layout_layer_cave, serial_glass, glass_columns_b, glass_columns_a
D:5:      layout_rooms, minmay_between
D:6:      gammafunk_cloud_chamber, layout_basic, nicolae_ossuary_entry_giza
D:7:      layout_basic, minmay_overflow_temple_star_hex,
          minmay_temple_entry_junction, minmay_small_thing
D:8:      layout_cave_pools, erik_lair_island, uniq_maggie, uniq_pikel

Skill      XL: |  1  2  3  4  5  6  7  8  9 |
---------------+----------------------------+-----
Fighting       | 4 5 6 |  6.4
Polearms       | 3 4 5 6 8 9 10 | 10.0
Throwing       | 1 2 3 5 |  5.3
Armour         | 3 4 6 |  6.4
Dodging        | 2 |  2.2
Bows           | 1 |  1.1
Invocations    | |  1.7

Action                   |  1- 3 |  4- 6 |  7- 9 || total
-------------------------+-------+-------+-------++-------
Melee: Spear             |    74 |   162 |   224 ||   460
       Headbutt          |     7 |    18 |    44 ||    69
 Fire: Shortbow          |       |       |    23 ||    23
Throw: Dart              |    28 |    44 |    71 ||   143
Invok: Depart the Abyss  |     1 |       |       ||     1
  Use: Potion            |       |     1 |     5 ||     6
       Scroll            |       |       |    14 ||    14
Armor: Leather armour    |     3 |       |       ||     3
       Scale mail        |    31 |     5 |       ||    36
       Plate armour      |       |   101 |   103 ||   204
Dodge: Dodged            |    31 |    52 |    40 ||   123
